SAAA
VIOLA SPEARHEADS @ JERSEY CITY SUN CAPS
08/19/2019
 
TOP OF THE 1ST
Viola Spearheads batting - Pitching for Jersey City Sun Caps : RHP Jim Unknown
Pitching: RHP Jim Unknown
Batting: LHB Keith Gardner 0-0: Ball
1-0: Called Strike
1-1: Ball
2-1: Called Strike
2-2: Ball
3-2: Ground out 4-3 (Groundball, 4)
Batting: RHB Trevor Gardner 0-0: Ball
1-0: Ball
2-0: SINGLE (Groundball, 4M)
Batting: RHB Randy Gregory 0-0: Called Strike
0-1: Ball
1-1: Fly out, F6 (Line Drive, 6)
Batting: RHB Steffen Taylor 0-0: Called Strike
0-1: Called Strike
0-2: SINGLE (Groundball, 34D)
Trevor Gardner to second
Runner from 2nd tries for 3rd, SAFE, throw made to third
Batting: RHB Bill Newsome 0-0: Ball
1-0: Foul Ball, location: 2F
Balk!
Trevor Gardner scores
Steffen Taylor to second
1-1: Swinging Strike
1-2: Foul Ball, location: 2F
1-2: Foul Ball, location: 2F
1-2: Strikes out swinging
Top of the 1st over - 1 run(s), 2 hit(s), 0 error(s), 1 left on base; Viola 1 - Jersey City 0
BOTTOM OF THE 1ST
Jersey City Sun Caps batting - Pitching for Viola Spearheads : RHP Doug Ryan
Pitching: RHP Doug Ryan
Batting: RHB Oscar Lewis 0-0: Called Strike
0-1: Bunt missed!
0-2: Ball
1-2: Ground out 4-3 (Groundball, 13)
Batting: RHB Christian O'Dell 0-0: Foul Ball, location: 2F
0-1: Ball
Single, Error in OF, E7, batter to second base
Batting: RHB Gil Moore 0-0: Called Strike
0-1: Called Strike
0-2: Ball
1-2: Strikes out swinging
Batting: LHB Munemori Ohara 0-0: Ball
1-0: Called Strike
1-1: Foul Ball, location: 2F
1-2: Strikes out swinging
Bottom of the 1st over - 0 run(s), 1 hit(s), 1 error(s), 1 left on base; Viola 1 - Jersey City 0
TOP OF THE 2ND
Viola Spearheads batting - Pitching for Jersey City Sun Caps : RHP Jim Unknown
Batting: RHB Thomas Teague 0-0: Swinging Strike
0-1: Ball
1-1: Ball
2-1: Ball
3-1: Foul Ball, location: 2F
3-2: Foul Ball, location: 2F
3-2: Reached on error, E6 (Groundball, 6)
Batting: RHB Paul Arthur 0-0: Foul Ball, location: 2F
0-1: Foul Ball, location: 2F
0-2: Ball
1-2: Foul Ball, location: 2F
1-2: Strikes out swinging
Batting: RHB Pedro Sánchez 0-0: Called Strike
0-1: Ball
1-1: Ball
2-1: Swinging Strike
2-2: Foul Ball, location: 2F
2-2: Strikes out swinging
Batting: RHB Michael Bucknell 0-0: Called Strike
0-1: Ball
1-1: Foul Ball, location: 2F
1-2: Ball
2-2: Fly out, F7 (Flyball, 7D)
Top of the 2nd over - 0 run(s), 0 hit(s), 1 error(s), 1 left on base; Viola 1 - Jersey City 0
BOTTOM OF THE 2ND
Jersey City Sun Caps batting - Pitching for Viola Spearheads : RHP Doug Ryan
Batting: LHB Harlan Price 0-0: Ball
1-0: SOLO HOME RUN (Flyball, 9LD), Distance : 359 ft
Pitching: RHP Chet Delaney
Batting: RHB Carlos Vázquez 0-0: Ball
1-0: Ball
2-0: Called Strike
2-1: Foul Ball, location: 2F
2-2: Ball
3-2: Base on Balls
Batting: RHB Cliff May 0-0: Swinging Strike
0-1: Ball
1-1: SINGLE (Line Drive, 78M)
Carlos Vázquez to second
Batting: RHB Roy Williams 0-0: Ball
1-0: Swinging Strike
1-1: Foul Ball, location: 2F
1-2: Fly out, F7 (Line Drive, 7LD)
Runner from 2nd tags up, SAFE at 3rd, no throw
Batting: RHB Ken Miller 0-0: Ball
1-0: Swinging Strike
1-1: Called Strike
Cliff May is caught stealing 2nd base
1-2: Ball
2-2: Fly out, F6 (Popup, 6MD)
Bottom of the 2nd over - 1 run(s), 2 hit(s), 0 error(s), 1 left on base; Viola 1 - Jersey City 1
TOP OF THE 3RD
Viola Spearheads batting - Pitching for Jersey City Sun Caps : RHP Jim Unknown
Batting: LHB Keith Gardner 0-0: Ball
1-0: Foul Ball, location: 2F
1-1: Called Strike
1-2: Strikes out swinging
Batting: RHB Trevor Gardner 0-0: Swinging Strike
0-1: Called Strike
0-2: Fly out, F9 (Flyball, 9D)
Batting: RHB Randy Gregory 0-0: Called Strike
0-1: Ball
1-1: Fly out, F8 (Flyball, 8LM)
Top of the 3rd over - 0 run(s), 0 hit(s), 0 error(s), 0 left on base; Viola 1 - Jersey City 1
BOTTOM OF THE 3RD
Jersey City Sun Caps batting - Pitching for Viola Spearheads : RHP Chet Delaney
Batting: RHB Oscar Lewis 0-0: Called Strike
0-1: Swinging Strike
0-2: Foul Ball, location: 2F
0-2: Ball
1-2: Ball
2-2: Fly out, F9 (Flyball, 9LD)
Batting: RHB Christian O'Dell 0-0: Fly out, F7 (Flyball, 7M)
Batting: RHB Gil Moore 0-0: Foul Ball, location: 2F
0-1: Ball
1-1: Fly out, F6 (Popup, 6S)
Bottom of the 3rd over - 0 run(s), 0 hit(s), 0 error(s), 0 left on base; Viola 1 - Jersey City 1
TOP OF THE 4TH
Viola Spearheads batting - Pitching for Jersey City Sun Caps : RHP Jim Unknown
Batting: RHB Steffen Taylor 0-0: SINGLE (Groundball, 13) (infield hit)
Batting: RHB Bill Newsome 0-0: Swinging Strike
Passed Ball!
Steffen Taylor to second
0-1: Ball
1-1: Ball
2-1: Foul Ball, location: 2F
2-2: Strikes out swinging
Batting: RHB Thomas Teague 0-0: Ball
1-0: Called Strike
1-1: Ball
2-1: SINGLE (Line Drive, 8LS)
Steffen Taylor to third
Runner from 3rd tries for Home, SAFE, throw made home
Thomas Teague to second
Batting: RHB Paul Arthur 0-0: Foul Ball, location: 2F
0-1: Called Strike
0-2: Ball
1-2: Ground out 1-3 (Groundball, 23)
Thomas Teague to third
Batting: RHB Pedro Sánchez 0-0: Ball
1-0: Ball
2-0: Ground out 4-3 (Groundball, 4S)
Top of the 4th over - 1 run(s), 2 hit(s), 0 error(s), 1 left on base; Viola 2 - Jersey City 1
BOTTOM OF THE 4TH
Jersey City Sun Caps batting - Pitching for Viola Spearheads : RHP Chet Delaney
Batting: LHB Munemori Ohara 0-0: Fly out, F7 (Flyball, 78D)
Batting: LHB Harlan Price 0-0: Called Strike
0-1: Ball
1-1: Ball
2-1: Ball
3-1: Foul Ball, location: 2F
3-2: Foul Ball, location: 2F
3-2: Strikes out swinging
Batting: RHB Carlos Vázquez 0-0: Ball
1-0: Fly out, F4 (Line Drive, 4)
Bottom of the 4th over - 0 run(s), 0 hit(s), 0 error(s), 0 left on base; Viola 2 - Jersey City 1
TOP OF THE 5TH
Viola Spearheads batting - Pitching for Jersey City Sun Caps : RHP Jim Unknown
Batting: RHB Michael Bucknell 0-0: Swinging Strike
0-1: Ball
1-1: Called Strike
1-2: Foul Ball, location: 2F
1-2: Ground out 6-3 (Groundball, 6M)
Batting: LHB Keith Gardner 0-0: Called Strike
0-1: Ball
1-1: Swinging Strike
1-2: Foul Ball, location: 2F
1-2: Strikes out swinging
Batting: RHB Trevor Gardner 0-0: Called Strike
0-1: Ball
1-1: Ball
2-1: Ground out 4-3 (Groundball, 4M)
Top of the 5th over - 0 run(s), 0 hit(s), 0 error(s), 0 left on base; Viola 2 - Jersey City 1
BOTTOM OF THE 5TH
Jersey City Sun Caps batting - Pitching for Viola Spearheads : RHP Chet Delaney
Batting: RHB Cliff May 0-0: Ball
1-0: Ball
2-0: Fly out, F8 (Flyball, 8RM)
Batting: RHB Roy Williams 0-0: SINGLE (Flyball, 7S)
Batting: RHB Ken Miller 0-0: Ball
1-0: Ball
2-0: Called Strike
2-1: Ball
3-1: Called Strike
3-2: Foul Ball, location: 2F
3-2: Base on Balls
Roy Williams to second
Batting: RHB Oscar Lewis 0-0: Fly out, F7 (Line Drive, 7D)
Runner from 2nd tags up, SAFE at 3rd, no throw
Batting: RHB Christian O'Dell 0-0: Ball
1-0: Ball
2-0: Swinging Strike
2-1: Fly out, F7 (Flyball, 7M)
Bottom of the 5th over - 0 run(s), 1 hit(s), 0 error(s), 2 left on base; Viola 2 - Jersey City 1
TOP OF THE 6TH
Viola Spearheads batting - Pitching for Jersey City Sun Caps : RHP Jim Unknown
Batting: RHB Randy Gregory 0-0: Called Strike
0-1: Fly out, F1 (Line Drive, 13)
Batting: RHB Steffen Taylor 0-0: Ball
1-0: Ball
2-0: Foul Ball, location: 2F
2-1: SINGLE (Line Drive, 8RS)
Batting: RHB Bill Newsome 0-0: Called Strike
0-1: Foul Ball, location: 2F
0-2: Ball
1-2: Ball
2-2: Ball
3-2: Fly out, F7 (Flyball, 7D)
Batting: RHB Thomas Teague 0-0: Called Strike
0-1: Fielders Choice at 2nd, 6-4 (Groundball, 6)
Top of the 6th over - 0 run(s), 1 hit(s), 0 error(s), 0 left on base; Viola 2 - Jersey City 1
BOTTOM OF THE 6TH
Jersey City Sun Caps batting - Pitching for Viola Spearheads : RHP Chet Delaney
Pitching: LHP Harry Evans
Batting: RHB Gil Moore 0-0: Ball
1-0: Called Strike
1-1: Ball
2-1: Ball
3-1: Foul Ball, location: 2F
3-2: Foul Ball, location: 2F
3-2: Base on Balls
Batting: LHB Munemori Ohara 0-0: Called Strike
0-1: Ball
1-1: Foul Ball, location: 2F
1-2: Fly out, F8 (Flyball, 8RM)
Batting: LHB Harlan Price 0-0: Called Strike
0-1: Called Strike
0-2: Ball
1-2: Strikes out swinging
Batting: RHB Carlos Vázquez 0-0: Ball
1-0: SINGLE (Line Drive, 34)
Gil Moore to second
Batting: RHB Cliff May 0-0: Called Strike
0-1: Fly out, F6 (Popup, 6MS)
Bottom of the 6th over - 0 run(s), 1 hit(s), 0 error(s), 2 left on base; Viola 2 - Jersey City 1
TOP OF THE 7TH
Viola Spearheads batting - Pitching for Jersey City Sun Caps : RHP Jim Unknown
Batting: RHB Paul Arthur 0-0: Foul Ball, location: 2F
0-1: Ground out 5-3 (Groundball, 5)
Batting: RHB Pedro Sánchez 0-0: Called Strike
0-1: Called Strike
0-2: Ball
1-2: Ball
2-2: Strikes out swinging
Batting: RHB Michael Bucknell 0-0: Ball
1-0: Bunt for hit - play at first, batter OUT! 1-3
Top of the 7th over - 0 run(s), 0 hit(s), 0 error(s), 0 left on base; Viola 2 - Jersey City 1
BOTTOM OF THE 7TH
Jersey City Sun Caps batting - Pitching for Viola Spearheads : LHP Harry Evans
Batting: RHB Roy Williams 0-0: Ball
1-0: SINGLE (Line Drive, 6MD)
Pinch Hitting: RHB Jim Unknown 0-0: Called Strike
0-1: Swinging Strike
0-2: Ball
1-2: Ball
2-2: Strikes out swinging
Batting: RHB Oscar Lewis 0-0: Called Strike
0-1: Foul Ball, location: 2F
0-2: Strikes out swinging
Batting: RHB Christian O'Dell 0-0: Ball
1-0: Foul Ball, location: 2F
1-1: Fly out, F2 (Popup, 2RF)
Bottom of the 7th over - 0 run(s), 1 hit(s), 0 error(s), 1 left on base; Viola 2 - Jersey City 1
TOP OF THE 8TH
Viola Spearheads batting - Pitching for Jersey City Sun Caps : RHP Jim Unknown
Now at 2B: Jim Unknown
Batting: LHB Keith Gardner 0-0: Swinging Strike
0-1: Ball
1-1: Ball
2-1: Ball
3-1: Ground out 4-3 (Groundball, 4)
Batting: RHB Trevor Gardner 0-0: Called Strike
0-1: Ground out 4-3 (Groundball, 34)
Batting: RHB Randy Gregory 0-0: Ball
1-0: Foul Ball, location: 2F
1-1: Foul Ball, location: 2F
1-2: Ball
2-2: Strikes out swinging
Top of the 8th over - 0 run(s), 0 hit(s), 0 error(s), 0 left on base; Viola 2 - Jersey City 1
BOTTOM OF THE 8TH
Jersey City Sun Caps batting - Pitching for Viola Spearheads : LHP Harry Evans
Pitching: RHP Melvin Richards
Batting: RHB Gil Moore 0-0: Called Strike
0-1: Foul Ball, location: 2F
0-2: Strikes out swinging
Pitching: LHP Sergio Garza
Batting: LHB Munemori Ohara 0-0: Ball
1-0: Ball
2-0: Swinging Strike
2-1: Swinging Strike
2-2: Foul Ball, location: 2F
2-2: Fly out, F7 (Line Drive, 78S)
Pitching: LHP Dave Montalvo
Batting: LHB Harlan Price 0-0: Ball
1-0: Ball
2-0: Fly out, F7 (Flyball, 7M)
Bottom of the 8th over - 0 run(s), 0 hit(s), 0 error(s), 0 left on base; Viola 2 - Jersey City 1
TOP OF THE 9TH
Viola Spearheads batting - Pitching for Jersey City Sun Caps : RHP Jim Unknown
Pitching: RHP Jim Unknown
Batting: RHB Steffen Taylor 0-0: Called Strike
0-1: Ball
1-1: Ball
2-1: Foul Ball, location: 2F
2-2: Ball
3-2: Strikes out looking
Batting: RHB Bill Newsome 0-0: Ball
1-0: Ball
2-0: Ball
3-0: Foul Ball, location: 2F
3-1: Foul Ball, location: 2F
3-2: Strikes out swinging
Batting: RHB Thomas Teague 0-0: Called Strike
0-1: Called Strike
0-2: Ball
1-2: SINGLE (Flyball, 89S)
Pinch Hitting: LHB Jim Unknown 0-0: Called Strike
0-1: Swinging Strike
0-2: Strikes out swinging
Top of the 9th over - 0 run(s), 1 hit(s), 0 error(s), 1 left on base; Viola 2 - Jersey City 1
BOTTOM OF THE 9TH
Jersey City Sun Caps batting - Pitching for Viola Spearheads : LHP Dave Montalvo
Pitching: LHP Kevin Henderson
Now at SS: Ángel González
Batting: RHB Carlos Vázquez 0-0: Ball
1-0: Ball
2-0: Foul Ball, location: 2F
2-1: Ball
3-1: Called Strike
3-2: Foul Ball, location: 2F
3-2: Base on Balls
Batting: RHB Cliff May 0-0: Ball
1-0: Foul Ball, location: 2F
1-1: Foul Ball, location: 2F
1-2: Ball
2-2: Foul Ball, location: 2F
2-2: Foul Ball, location: 2F
2-2: Ball
3-2: Base on Balls
Carlos Vázquez to second
Pinch Runner at 2nd Jim Unknown:
Batting: RHB Roy Williams 0-0: Swinging Strike
0-1: Called Strike
0-2: Strikes out looking
Batting: RHB Jim Unknown 0-0: Ball
1-0: Ball
2-0: Ball
3-0: Base on Balls
Jim Unknown to third
Cliff May to second
Batting: RHB Oscar Lewis 0-0: Fly out, F3 (Popup, 3F)
Batting: RHB Christian O'Dell 0-0: Called Strike
0-1: Called Strike
0-2: Ball
1-2: Foul Ball, location: 2F
1-2: Ball
2-2: Strikes out swinging
Bottom of the 9th over - 0 run(s), 0 hit(s), 0 error(s), 3 left on base; Viola 2 - Jersey City 1
This league is powered by Out of the Park Baseball, the baseball management simulation game for PC, Mac and Linux
Saturday, July 25th, 2015 - OOTP Baseball 15.6 Build 34